 Dungeon Crawl Stone Soup version 0.32-a0-918-g0f22ef8d61 (webtiles) character file.

Game seed: 7982817420032631737

864 Karim the Sneak (level 8, -2/58 HPs)
             Began as a Gnoll Enchanter on Apr 10, 2024.
             Was an Initiate of Gozag.
             Slain by Duvessa
             ... wielding a +0 short sword
              (11 damage)
             ... on level 5 of the Dungeon.
             The game lasted 00:07:34 (4924 turns).

Karim the Sneak (Gnoll Enchanter)                   Turns: 4924, Time: 00:07:34

Health: -2/58      AC:  3    Str:  9 (11) XL:     8   Next: 3%
Magic:  8/16       EV: 12    Int: 17      God:    Gozag
Gold:   341        SH:  0    Dex: 10 (11) Spells: 7/18 levels left

rFire   x . .        n - +0 trident (venom)
rCold   . . .        (no shield)
rNeg    . . .        b - +0 robe
rPois   .            (no helmet)
rElec   .            o - +0 cloak
rCorr   .            (no gloves)
SInv    .            (no boots)
Will    +....        (no amulet)
Stlth   +++          (no ring)
HPRegen 0.29/turn    (no ring)
MPRegen 0.15/turn

%: no passive effects
@: gold aura
A: fangs 1, strong nose, distributed training, strong-willed 1, strong 1, heat
vulnerability 1
a: Renounce Religion, Potion Petition, Call Merchant, Bribe Branch


You were on level 5 of the Dungeon.
You worshipped Gozag.
Gozag was aware of your devotion.
You visited 1 branch of the dungeon, and saw 5 of its levels.
You also visited: Sewer.

You collected 543 gold pieces.
You spent 180 gold pieces at shops.
You paid 22 gold pieces to Gozag.

Inventory:

Hand Weapons
 l - a +2 dagger of pain
 n - a +0 trident of venom (weapon)
Armour
 b - a +0 robe (worn)
 o - a +0 cloak (worn)
Scrolls
 a - a scroll of enchant weapon {unknown}
 d - 4 scrolls of teleportation
 e - 5 scrolls of identify {unknown}
 f - 2 scrolls of blinking {unknown}
 g - 2 scrolls of revelation {unknown}
 j - 2 scrolls of enchant armour {unknown}
 m - a scroll of summoning {unknown}
 p - a scroll of noise {unknown}
 r - 3 scrolls of fog {unknown}
 s - a scroll of poison {unknown}
 w - 3 scrolls of fear {unknown}
Potions
 c - 2 potions of invisibility
 h - a potion of heal wounds {unknown}
 i - a potion of brilliance
 k - 2 potions of might
 q - a potion of magic
 t - a potion of degeneration
 u - a potion of haste
 v - a potion of mutation


   Skills:
 + Level 3.0 Fighting
 + Level 4.0 Short Blades
 + Level 3.0 Long Blades
 + Level 3.0 Axes
 + Level 3.0 Maces & Flails
 + Level 3.0 Polearms
 + Level 3.0 Staves
 + Level 3.0 Ranged Weapons
 + Level 3.0 Throwing
 + Level 3.0 Armour
 + Level 5.5 Dodging
 + Level 6.7 Stealth
 + Level 3.0 Shields
 + Level 3.0 Unarmed Combat
 + Level 5.9 Spellcasting
 + Level 2.4 Conjurations
 + Level 6.0 Hexes
 + Level 2.4 Summonings
 + Level 2.4 Necromancy
 + Level 2.4 Translocations
 + Level 2.4 Fire Magic
 + Level 2.4 Ice Magic
 + Level 2.4 Air Magic
 + Level 2.4 Earth Magic
 + Level 2.4 Alchemy
 + Level 3.3 Invocations
 + Level 3.0 Evocations
 + Level 2.7 Shapeshifting


You had 7 spell levels left.
You knew the following spells:

 Your Spells              Type           Power      Damage    Failure   Level
a - Ensorcelled Hibernat  Hex/Ice        38%        N/A       3%          2
b - Confusing Touch       Hex            25%        N/A       3%          3
c - Tukima's Dance        Hex            25%        N/A       3%          3
d - Passwall              Erth           13%        N/A       14%         3

Your spell library contained the following spells:

 Spells                   Type           Power      Damage    Failure   Level
 Jinxbite                 Hex            50%        N/A       1%          2
 Apportation              Tloc           26%        N/A       4%          1
 Sting                    Conj/Alch      52%        1d6       4%          1
 Dazzling Flash           Conj/Hex       38%        N/A       7%          3
 Mercury Vapours          Alch/Air       26%        N/A       8%          2
 Hailstorm                Conj/Ice       13%        3d6       14%         3
 Summon Ice Beast         Ice/Summ       13%        N/A       14%         3
 Swiftness                Air            13%        N/A       14%         3
 Olgreb's Toxic Radiance  Alch           13%        N/A       43%         4
 Alistair's Intoxication  Alch           8%         N/A       80%         5
 Permafrost Eruption      Ice/Erth       6%         2x4d3     100%        6
 Sculpt Simulacrum        Ice/Alch       6%         N/A       100%        6
 Starburst                Conj/Fire      6%         6d4       100%        6
 Maxwell's Capacitive Co  Air            6%         ∞         100%        8


Dungeon Overview and Level Annotations

Branches:
Dungeon (5/15)              Sewer (visited)
 Temple: D:4-7

Altars:
Fedhas
Gozag
Kikubaaqudgha

Shops:
D:3 *   D:5 !

Annotations:
D:2 Natasha
D:3 2 runed translucent doors, Konar's ghost, weakling CoHu
D:4 1 runed translucent door, Crazy Yiuf
D:5 Duvessa


Innate Abilities, Weirdness & Mutations

You have very sharp teeth.
Your uncanny sense of smell can sniff out nearby items.
Your experience applies equally to all skills.
You are strong-willed. (Will+)
Your muscles are strong. (Str +4, Int/Dex -1)
You are vulnerable to heat. (rF-)


Message History

Confirm with . or Enter, or press ? or * to list all spells.
Aiming: Ensorcelled Hibernation (safe; 3% risk of failure)
Press: ? - help, Shift-Dir - straight line, f/p - Dowan
Aim: Dowan, wielding a +0 dagger and wearing a +2 robe of fire resistance (moderately wounded, chance to affect: 50%) Dowan looks drowsy...
Duvessa hits you with a +0 short sword!
Unknown command.
The helpless Dowan fails to defend himself.
You impale Dowan!!
You kill Dowan!
Duvessa screams in rage.
Duvessa goes berserk!
Duvessa hits you with a +0 short sword!
You feel your strength returning.
Your Fighting skill increases to level 3!
Your Short Blades skill increases to level 4!
Your Long Blades skill increases to level 3!
Your Axes skill increases to level 3!
Your Maces & Flails skill increases to level 3!
Your Polearms skill increases to level 3!
Your Staves skill increases to level 3!
Your Ranged Weapons skill increases to level 3!
Your Throwing skill increases to level 3!
Your Armour skill increases to level 3!
Your Shields skill increases to level 3!
Your Unarmed Combat skill increases to level 3!
Your Evocations skill increases to level 3!
You have reached level 8!
You feel clever.
Your +0 trident of venom begins to drip with poison!
n - a +0 trident of venom (weapon)
Duvessa hits you with a +0 short sword!
You hit Duvessa but do no damage.
Duvessa is severely wounded.
Duvessa hits you with a +0 short sword!
* * * LOW HITPOINT WARNING * * *
Duvessa completely misses you.
You closely miss Duvessa. Your bite misses Duvessa.
Duvessa is severely wounded.
Duvessa hits you with a +0 short sword!
You die...
Your body crumbles into a pile of gold.

. ........###
........#.##
...##......#
##.##......#
#.........#
#.#.#...###
##+#+##...##...#
#⌠....#.......##
#ß..e@'......##
#⌠..$.#.......#
.#######.....###
..........#..##
#######...#...#
#####...# #..##
##.# ###


You could see Duvessa (berserk).

Vanquished Creatures
  A black bear (D:5)
  A crocodile (Sewer)
  A kobold brigand (Sewer)
  A scorpion (D:4)
  Dowan (D:5)
  A jelly (D:4)
  3 bombardier beetles
  An orc priest (D:4)
  Terence (D:2)
  2 iguanas (D:5)
  Natasha (twice) (D:2)
  3 gnolls (D:3)
  11 adders
  6 ribbon worms
  3 dart slugs
  7 orcs (D:4)
  11 ball pythons
  3 endoplasms
  3 giant cockroaches
  5 goblins
  5 hobgoblins
  6 jackals
  2 quokkas
  6 bats
  2 frilled lizards
  10 kobolds
  8 rats
106 creatures vanquished.

Notes
Turn   | Place    | Note
-------+----------+-------------------------------------------
     0 | D:1      | Karim the Gnoll Enchanter began the quest for the Orb.
     0 | D:1      | Reached XP level 1. HP: 13/13 MP: 6/6
   355 | D:1      | Reached XP level 2. HP: 19/19 MP: 7/7
   358 | D:1      | Learned a level 2 spell: Ensorcelled Hibernation
  1033 | D:2      | Reached skill level 5 in Spellcasting
  1033 | D:2      | Reached XP level 3. HP: 25/25 MP: 7/9
  1125 | D:2      | Reached skill level 1 in Invocations
  1297 | D:2      | Noticed Terence
  1306 | D:2      | Killed Terence
  1307 | D:2      | Reached skill level 1 in Fighting
  1307 | D:2      | Reached skill level 1 in Long Blades
  1307 | D:2      | Reached skill level 1 in Axes
  1307 | D:2      | Reached skill level 1 in Maces & Flails
  1307 | D:2      | Reached skill level 1 in Polearms
  1307 | D:2      | Reached skill level 1 in Staves
  1307 | D:2      | Reached skill level 1 in Ranged Weapons
  1307 | D:2      | Reached skill level 1 in Throwing
  1307 | D:2      | Reached skill level 1 in Armour
  1307 | D:2      | Reached skill level 1 in Shields
  1307 | D:2      | Reached skill level 1 in Unarmed Combat
  1307 | D:2      | Reached skill level 1 in Evocations
  1307 | D:2      | Reached skill level 1 in Shapeshifting
  1307 | D:2      | Reached XP level 4. HP: 28/32 MP: 8/11
  1422 | D:2      | Found an ancient bone altar of Kikubaaqudgha.
  1521 | D:2      | Reached skill level 1 in Conjurations
  1521 | D:2      | Reached skill level 1 in Summonings
  1521 | D:2      | Reached skill level 1 in Necromancy
  1521 | D:2      | Reached skill level 1 in Translocations
  1521 | D:2      | Reached skill level 1 in Fire Magic
  1521 | D:2      | Reached skill level 1 in Ice Magic
  1521 | D:2      | Reached skill level 1 in Air Magic
  1521 | D:2      | Reached skill level 1 in Earth Magic
  1521 | D:2      | Reached skill level 1 in Alchemy
  1840 | D:2      | Noticed Natasha
  1843 | D:2      | Killed Natasha
  1909 | D:2      | Noticed Natasha
  1914 | D:2      | Killed Natasha
  1915 | D:2      | Reached XP level 5. HP: 37/37 MP: 9/12
  1973 | D:2      | Noticed Natasha
  2364 | D:3      | Found Gozag's Platinum Reserve.
  2400 | D:3      | Found an opulent altar of Gozag.
  2427 | D:3      | Became a worshipper of Gozag Ym Sagoz the Greedy
  2657 | D:3      | Found a large runed translucent door.
  2657 | D:3      | Found a large runed translucent door.
  2893 | D:3      | Noticed Konar's ghost (weakling CoHu)
  2950 | D:4      | Reached XP level 6. HP: 40/44 MP: 9/14
  2963 | D:4      | Reached skill level 5 in Dodging
  3172 | D:4      | Learned a level 3 spell: Confusing Touch
  3176 | D:4      | Learned a level 3 spell: Tukima's Dance
  3180 | D:4      | Learned a level 3 spell: Passwall
  3202 | D:4      | Found a blossoming altar of Fedhas.
  3575 | D:4      | Found a runed translucent door.
  3576 | D:4      | Noticed Crazy Yiuf
  3799 | D:5      | Entered Level 5 of the Dungeon
  3832 | D:5      | Found Wexudul's Distillery.
  3834 | D:5      | Reached XP level 7. HP: 50/50 MP: 15/15
  3857 | D:5      | Found a glowing drain.
  3915 | Sewer    | Entered a sewer
  4499 | Sewer    | Gained mutation: You are strong-willed. (Will+) [potion of
                  | mutation]
  4499 | Sewer    | Gained mutation: You are vulnerable to heat. (rF-) [potion
                  | of mutation]
  4499 | Sewer    | Gained mutation: Your muscles are strong. (Str +4, Int/Dex
                  | -1) [potion of mutation]
  4713 | D:5      | Bought a potion of magic for 120 gold pieces
  4713 | D:5      | Bought a potion of might for 60 gold pieces
  4912 | D:5      | Noticed Duvessa
  4912 | D:5      | Noticed Dowan
  4921 | D:5      | Killed Dowan
  4922 | D:5      | Reached XP level 8. HP: 31/58 MP: 7/16
  4924 | D:5      | Slain by Duvessa

Illustrated notes

Levels and vault maps discovered:
D:1:      heliophobic_arrival_battle_scene, layout_loops_ring, serial_forest,
          infiniplex_forest_end_2, infiniplex_forest_end_3,
          infiniplex_forest_lined_room_3, infiniplex_forest_end_2,
          infiniplex_forest_clump_double, infiniplex_forest_clump_medium,
          infiniplex_forest_clump_long
D:2:      layout_loops_corners, basic_altar,
          nicolae_concentric_dashed_squares_mild, kennysheep_generic_room_5,
          uniq_terence, uniq_natasha
D:3:      layout_loops_cross, nicolae_gozag_zags_fifth_avenue,
          ebering_ghost_disaster_area
D:4:      layout_basic, lemuel_round_altar, uniq_crazy_yiuf_cottage
D:5:      dreamdust_elfheim, layout_cave_pools, serial_shops, shop_statue,
          portal_sewer_entry_b

Skill      XL: |  1  2  3  4  5  6  7 |
---------------+----------------------+-----
Spellcasting   | 5 |  5.9
Stealth        | 6 |  6.7
Invocations    | 1 2 3 |  3.3
Fighting       | 1 2 3 |  3.0
Long Blades    | 1 2 3 |  3.0
Axes           | 1 2 3 |  3.0
Maces & Flails | 1 2 3 |  3.0
Polearms       | 1 2 3 |  3.0
Staves         | 1 2 3 |  3.0
Ranged Weapons | 1 2 3 |  3.0
Throwing       | 1 2 3 |  3.0
Armour         | 1 2 3 |  3.0
Shields        | 1 2 3 |  3.0
Unarmed Combat | 1 2 3 |  3.0
Evocations     | 1 2 3 |  3.0
Shapeshifting  | 1 2 |  2.7
Conjurations   | 1 2 |  2.4
Summonings     | 1 2 |  2.4
Necromancy     | 1 2 |  2.4
Translocations | 1 2 |  2.4
Fire Magic     | 1 2 |  2.4
Ice Magic      | 1 2 |  2.4
Air Magic      | 1 2 |  2.4
Earth Magic    | 1 2 |  2.4
Alchemy        | 1 2 |  2.4
Short Blades   | 3 4 |  4.0
Dodging        | 5 |  5.5
Hexes          | 6 |  6.0

Action                     |  1- 3 |  4- 6 |  7- 9 || total
---------------------------+-------+-------+-------++-------
  Melee: Dagger            |    44 |    60 |    50 ||   154
         Bite              |     5 |     4 |       ||     9
         Trident           |       |    14 |    16 ||    30
   Cast: Ensorcelled Hiber |    10 |    35 |    35 ||    80
    Use: Scroll            |       |     2 |       ||     2
         Potion            |       |       |     9 ||     9
   Stab: Sleeping          |    22 |    39 |    24 ||    85
 Armour: Robe              |    13 |    35 |    79 ||   127
  Dodge: Dodged            |    14 |    45 |    55 ||   114

Table legend: (Time is in decaauts)
 A = Elapsed time spent in this place.
 B = Non-inter-level travel time spent in this place.
 C = Inter-level travel time spent in this place.
 D = Time resting spent in this place.
 E = Time spent auto-exploring this place.
 F = Levels seen in this place.
 G = Mean time per level.
                   A        B        C        D        E       F      G
               +--------+--------+--------+--------+--------+-----+--------+
         Total |   4972 |   4885 |     87 |    467 |   3508 |   6 |  828.7 |
       Dungeon |   4182 |   4095 |     87 |    260 |   3136 |   5 |  836.4 |
         Sewer |    790 |    790 |      0 |    207 |    372 |   1 |  790.0 |
               +--------+--------+--------+--------+--------+-----+--------+

Top non-repeatable levels by time:
     D:2: 1048 daAuts
     D:1: 1014 daAuts
     D:4: 880 daAuts
     D:3: 845 daAuts
   Sewer: 790 daAuts
     D:5: 393 daAuts
